 Dungeon Crawl Stone Soup version 0.24.0-1-gfbc8707122 (webtiles) character file.

Game seed: 13957536593610990483, levelgen mode: deterministic

316 Mrkan the Chopper (level 6, -15/56 HPs)
             Began as a Hill Orc Fighter on Oct 26, 2019.
             Was an Initiate of Makhleb.
             Blown up by Ijyb (28 damage)
             ... with a disintegration bolt
             ... on level 4 of the Dungeon.
             The game lasted 00:04:44 (2913 turns).

Mrkan the Chopper (Hill Orc Fighter)                Turns: 2913, Time: 00:04:45

Health: -15/56     AC: 10    Str: 26    XL:     6   Next: 44%
Magic:  6/6        EV:  6    Int:  8    God:    Makhleb [......]
Gold:   141        SH: 10    Dex: 10    Spells: 5/5 levels left

rFire    . . .     SeeInvis .   a - +0 war axe
rCold    . . .     Gourm    .   c - +0 shield
rNeg     . . .     Faith    .   t - +0 chain mail
rPois    .         Spirit   .   (no helmet)
rElec    .         Reflect  .   g - +0 cloak
rCorr    .         Harm     .   (no gloves)
MR       .....                  (no boots)
Stlth    ..........             (no amulet)
HPRegen  0.18/turn              (no ring)
MPRegen  0.10/turn              (no ring)

@: mighty
A: no striking features
a: Renounce Religion, Convert to Beogh


You were on level 4 of the Dungeon.
You worshipped Makhleb.
Makhleb was noncommittal.
You were not hungry.

You visited 1 branch of the dungeon, and saw 4 of its levels.

You collected 141 gold pieces.

Inventory:

Hand Weapons
 a - a +0 war axe (weapon)
Missiles
 n - a throwing net (quivered)
Armour
 c - a +0 shield (worn)
 g - a +0 cloak (worn)
 t - a +0 chain mail (worn)
Jewellery
 e - an uncursed ring of protection from cold {unknown}
Scrolls
 h - 3 scrolls of identify {unknown}
 k - 2 scrolls of magic mapping {unknown}
 m - a scroll of enchant weapon {unknown}
 p - 2 scrolls of fear {unknown}
 q - 6 scrolls of remove curse {unknown}
 s - 2 scrolls of teleportation {unknown}
 u - a scroll of noise {unknown}
 v - a scroll of fog {unknown}
Potions
 b - a potion of degeneration {unknown}
 i - a potion of resistance {unknown}
 j - a potion of cancellation {unknown}
 l - 2 potions of heal wounds {unknown}
 r - a potion of brilliance {unknown}
Comestibles
 f - 5 rations
 o - 8 chunks of flesh


   Skills:
 + Level 5.2 Fighting
 * Level 6.5 Axes
 - Level 3.2 Armour
 + Level 4.7 Shields
 + Level 0.0 Invocations


You had 5 spell levels left.
You didn't know any spells.
Your spell library was empty.

Dungeon Overview and Level Annotations

Branches:
Dungeon (4/15)
 Temple: D:4-7

Altars:
Fedhas
Makhleb
Vehumet
Wu Jian
The Shining One

Annotations:
D:3 2 transporters
D:4 Ijyb


Message History

You closely miss the orc priest.
The orc priest threatens, "By the altar or by the axe, you will meet Beogh!" (press Y on the ability menu to convert to Beogh)
The orc priest threatens, "By the altar or by the axe, you will meet Beogh!"
The orc priest hits you but does no damage.
You hit the orc priest.
The orc priest threatens, "By the altar or by the axe, you will meet Beogh!"
The orc priest is lightly wounded.
You block the orc priest's attack. x2
You closely miss the orc priest.
The orc priest is lightly wounded.
Ijyb zaps a wand.
You are blasted!
Ouch! That really hurt!
* * * LOW HITPOINT WARNING * * *
The orc priest shouts, "Beogh is our master!
Accept the truth or die!"
You block the orc priest's attack.
You feel very mighty all of a sudden.
Ijyb zaps a wand.
You are blasted!
Ouch! That really hurt!
You die...

.... (....# .... .......
..... #........# .....
.........## ......
g......g..# #......
..........##.......
o.......o.#@.#
.........#o.## ..........g##
##### ..........## ##_._##
#..........### #.....#
#......#.....### ##...##
########.##....#########.###
...## #..####.........##'#.#
....# ###..#
#..............#


You could see Ijyb and an orc priest.

Vanquished Creatures
  A crimson imp (D:4)
  Crazy Yiuf (D:2)
  2 orc wizards
  Jessica (D:2)
  4 adders
  4 gnolls (D:3)
  An ooze (D:2)
  A worm (D:2)
  6 dart slugs
  2 leopard geckos
  7 orcs
  6 bats
  3 giant cockroaches
  7 goblins
  4 hobgoblins
  5 jackals (D:4)
  2 quokkas
  5 frilled lizards
  4 kobolds
  A leopard gecko skeleton (D:4)
  13 rats
80 creatures vanquished.

Notes
Turn   | Place    | Note
-------+----------+-------------------------------------------
     0 | D:1      | Mrkan the Hill Orc Fighter began the quest for the Orb.
     0 | D:1      | Reached XP level 1. HP: 19/19 MP: 1/1
   262 | D:1      | Reached skill level 3 in Axes
   322 | D:1      | Reached XP level 2. HP: 24/27 MP: 2/2
   985 | D:2      | Noticed Jessica
   992 | D:2      | Reached XP level 3. HP: 33/33 MP: 3/3
   999 | D:2      | Killed Jessica
   999 | D:2      | Reached skill level 4 in Axes
  1143 | D:2      | Reached XP level 4. HP: 40/40 MP: 4/4
  1389 | D:2      | Found a runed translucent door.
  1390 | D:2      | Noticed Crazy Yiuf
  1960 | D:2      | Killed Crazy Yiuf
  1960 | D:2      | Reached skill level 5 in Axes
  1960 | D:2      | Reached XP level 5. HP: 30/47 MP: 1/5
  2212 | D:3      | Found a transporter.
  2212 | D:3      | Found a transporter.
  2212 | D:3      | Noticed an ogre
  2213 | D:3      | Noticed a troll
  2216 | D:3      | Found a blossoming altar of Fedhas.
  2216 | D:3      | Found an ornate altar of the Wu Jian Council.
  2216 | D:3      | Found a glowing golden altar of the Shining One.
  2492 | D:3      | Reached skill level 5 in Fighting
  2492 | D:3      | Reached skill level 6 in Axes
  2492 | D:3      | Reached XP level 6. HP: 44/56 MP: 6/6
  2747 | D:4      | Noticed Ijyb
  2860 | D:4      | Found a radiant altar of Vehumet.
  2860 | D:4      | Found a burning altar of Makhleb.
  2870 | D:4      | Became a worshipper of Makhleb the Destroyer
  2913 | D:4      | Blown up by Ijyb

Levels and vault maps discovered:
D:1:      dpeg_arrival_simpleton_c, layout_basic, serial_rivers,
          chequers_serial_rivers_micro_c, chequers_serial_rivers_micro_e,
          chequers_serial_rivers_small_b, chequers_serial_rivers_micro_d,
          chequers_serial_rivers_marsh, minmay_splitting_lines
D:2:      minmay_chambers_of_ones, layout_basic, uniq_jessica,
          uniq_crazy_yiuf_cottage
D:3:      layout_loops_ring, gammafunk_temple_overflow_arena
D:4:      layout_cave_pods, grunt_temple_overflow_lords_of_destruction,
          zin_statuary, uniq_ijyb

Skill      XL: |  1  2  3  4  5 |
---------------+----------------+-----
Axes           | 3 4 5 6 |  6.5
Fighting       | 4 5 |  5.2
Shields        | 4 |  4.7
Armour         | |  3.2

Action                   |  1- 3 |  4- 6 || total
-------------------------+-------+-------++-------
Melee: War axe           |    99 |   158 ||   257
  Use: Potion            |       |     1 ||     1
  Eat: Chunk             |     1 |     6 ||     7
Armor: Scale mail        |    59 |    26 ||    85
       Chain mail        |       |    42 ||    42
Dodge: Dodged            |    27 |    32 ||    59
Block: Shield            |    52 |    79 ||   131
